 Dungeon Crawl Stone Soup version 0.23-a0-151-gf6d1ed2 (webtiles) character file.

292 Amnesiac the Chiller (level 6, -4/41 HPs)
             Began as a Mummy Ice Elementalist on Sept 9, 2018.
             Shot with an arrow by a centaur (20 damage)
             ... on level 6 of the Dungeon.
             The game lasted 00:06:08 (2115 turns).

Amnesiac the Chiller (Mummy Ice Elementalist)       Turns: 2115, Time: 00:06:08

Health: -4/41      AC:  2    Str: 11      XL:     6   Next: 10%
Magic:  12/12      EV: 12    Int: 17      God:
Gold:   121        SH:  0    Dex: 10 (12) Spells: 1/13 levels left

rFire    x . .     SeeInvis .   j - +0 hand crossbow
rCold    + . .     Gourm    .   (no shield)
rNeg     + + +     Faith    .   c - +0 robe
rPois    ∞         Spirit   .   (no helmet)
rElec    .         Reflect  .   (no cloak)
rCorr    .         Harm     .   (no gloves)
MR       +....                  (no boots)
Stlth    ++........             (no amulet)
HPRegen  0.13/turn              f - ring of protection from magic
MPRegen  0.13/turn              (no ring)

@: no status effects
A: no food or potions, fire vulnerability, cold resistance 1, negative energy
resistance 3, torment resistance, unbreathing
a: no special abilities


You were on level 6 of the Dungeon.
You were not hungry.

You visited 1 branch of the dungeon, and saw 6 of its levels.
You also visited: Sewer.

You collected 121 gold pieces.

Inventory:

Hand Weapons
 a - a +0 hunting sling
 b - a +0 mace
 j - a +0 hand crossbow (weapon)
Missiles
 d - 50 stones
 e - 6 tomahawks of returning
 k - 20 bolts (quivered)
Armour
 c - a +0 robe (worn)
Jewellery
 f - a ring of protection from magic (left hand)
Scrolls
 g - a scroll of teleportation {!r}


   Skills:
 - Level 1.5 Dodging
 - Level 1.5 Stealth
 - Level 4.3 Spellcasting
 + Level 2.6 Conjurations
 - Level 4.4 Ice Magic


You had one spell level left.
You knew the following spells:

 Your Spells              Type           Power        Failure   Level  Hunger
a - Freeze                Ice            ###.         2%          1    N/A
b - Summon Ice Beast      Ice/Summ       ##......     52%         4    N/A
d - Throw Icicle          Conj/Ice       ###.....     34%         4    N/A
z - Ozocubu's Armour      Chrm/Ice       ##......     19%         3    N/A

Your spell library contained the following spells:

 Spells                   Type           Power        Failure   Level  Hunger
 Throw Frost              Conj/Ice       ###...       5%          2    N/A

Dungeon Overview and Level Annotations

Branches:
Dungeon (7/15)
 Temple: D:4-7

Altars:
Ashenzari
Qazlal
Uskayaw

Annotations:
D:2 1 runed door
D:3 Terence


Innate Abilities, Weirdness & Mutations

You do not eat or drink.
Your flesh is vulnerable to fire.
You are immune to poison.
Your flesh is cold resistant. (rC+)
You are immune to negative energy. (rN+++)
You are immune to unholy pain and torment.
You can survive without breathing.


Message History

No target in view!
k - 26 bolts (gained 1)
k - 27 bolts (gained 1)
A bullfrog zombie comes into view.
You see here a bolt.
Firing (i - inventory. (/) - cycle)
k - 27 bolts (quivered)
Press: ? - help, Shift-Dir - straight line, f - bullfrog zombie
Aim: a bullfrog zombie (resting)
You shoot a bolt. The bolt hits the bullfrog zombie!
The bullfrog zombie is moderately damaged.
The bullfrog zombie hits you.
Unknown command.
Firing (i - inventory. (/) - cycle)
k - 26 bolts (quivered)
Press: ? - help, Shift-Dir - straight line, f/p - bullfrog zombie
Aim: a bullfrog zombie (moderately damaged)
You shoot a bolt. The bolt hits the bullfrog zombie.
The bullfrog zombie is moderately damaged.
The bullfrog zombie closely misses you. The bullfrog zombie hits you.
Unknown command.
Firing (i - inventory. (/) - cycle)
k - 25 bolts (quivered)
Press: ? - help, Shift-Dir - straight line, f/p - bullfrog zombie
Aim: a bullfrog zombie (moderately damaged)
You shoot a bolt. The bolt hits the bullfrog zombie!
The bullfrog zombie is heavily damaged.
The bullfrog zombie hits you. The bullfrog zombie barely misses you.
Unknown command.
Firing (i - inventory. (/) - cycle)
k - 24 bolts (quivered)
Press: ? - help, Shift-Dir - straight line, f/p - bullfrog zombie
Aim: a bullfrog zombie (heavily damaged)
You shoot a bolt.
The bolt barely misses the bullfrog zombie.
The bullfrog zombie hits you. x2
Unknown command.
Firing (i - inventory. (/) - cycle)
k - 23 bolts (quivered)
Press: ? - help, Shift-Dir - straight line, f/p - bullfrog zombie
Aim: a bullfrog zombie (heavily damaged)
You shoot a bolt.
The bolt closely misses the bullfrog zombie.
The bullfrog zombie completely misses you.
Unknown command.
Firing (i - inventory. (/) - cycle)
k - 22 bolts (quivered)
Press: ? - help, Shift-Dir - straight line, f/p - bullfrog zombie
Aim: a bullfrog zombie (heavily damaged)
You shoot a bolt. The bolt hits the bullfrog zombie!
The bullfrog zombie is almost destroyed.
The bullfrog zombie closely misses you.
A centaur comes into view.
The bullfrog zombie hits you.
Unknown command.
Firing (i - inventory. (/) - cycle)
k - 21 bolts (quivered)
Press: ? - help, Shift-Dir - straight line, f/p - bullfrog zombie
Aim: a bullfrog zombie (almost destroyed)
You shoot a bolt. The bolt hits the bullfrog zombie!
You destroy the bullfrog zombie!
You have reached level 6!
Your experience leads to an increase in your attributes!
Your base attributes are Str 11, Int 16, Dex 12.
Increase (S)trength, (I)ntelligence, or (D)exterity?
You feel clever.
The centaur wields a shortbow.
The centaur shoots an arrow.
The arrow hits you.
The centaur shoots an arrow.
The arrow hits you.
* * * LOW HITPOINT WARNING * * *
The centaur shoots an arrow.
The arrow hits you!!
You die...

.......## ####
.....#...##...##
.............(....
. .................
.. #...............
...#...!...........
..........((.......
.........(##.c.....
.##..@.....<..$..
##....#........
................
....#.......##.##.
...........>....#
#...#.>.....###.#
.........##.# #
.$........#.# ...#.
...


You could see a centaur.

Vanquished Creatures
  Purgy (Sewer)
  A bullfrog zombie (D:6)
  A quasit (D:7)
  A worker ant (D:4)
  6 adders
  An adder skeleton (D:6)
  3 leopard geckos (D:3)
  5 orcs
  5 giant cockroaches
  4 goblins
  2 hobgoblins (D:3)
  2 jackals (D:2)
  2 quokkas
  A ball python (D:3)
  3 bats
  2 frilled lizards (D:1)
  6 kobolds
  A leopard gecko zombie (D:7)
  3 rats
50 creatures vanquished.

Notes
Turn   | Place    | Note
-------+----------+-------------------------------------------
     0 | D:1      | Amnesiac the Mummy Ice Elementalist began the quest for the
                  | Orb.
     0 | D:1      | Reached XP level 1. HP: 13/13 MP: 4/4
   207 | D:2      | Found a runed door.
   267 | D:2      | Reached XP level 2. HP: 9/19 MP: 2/5
   547 | D:3      | Noticed Terence
   726 | D:4      | Reached XP level 3. HP: 18/24 MP: 1/7
   734 | D:4      | Learned a level 3 spell: Ozocubu's Armour
   867 | D:3      | Reached XP level 4. HP: 23/30 MP: 2/9
   874 | D:3      | Found a glowing drain.
   879 | Sewer    | Entered a sewer
   933 | Sewer    | Learned a level 4 spell: Throw Icicle
  1213 | Sewer    | Noticed Purgy
  1226 | Sewer    | Killed Purgy
  1226 | Sewer    | Reached XP level 5. HP: 15/35 MP: 0/11
  1411 | Sewer    | Learned a level 4 spell: Summon Ice Beast
  1460 | D:3      | Reached skill level 1 in Conjurations
  1784 | D:4      | You fall through a shaft for 3 floors!
  1887 | D:7      | Found a shattered altar of Ashenzari.
  1887 | D:7      | Found a hide-covered altar of Uskayaw.
  2043 | D:6      | Found a stormy altar of Qazlal.
  2112 | D:6      | Noticed a centaur
  2113 | D:6      | Reached XP level 6. HP: 25/41 MP: 12/12
  2115 | D:6      | Shot with an arrow by a centaur

Vault maps used:
D:1:      lightli_iron_boxes
D:2:      uniq_crazy_yiuf_cottage
D:3:      gup_sewer_entry_spiral, corexii_corridor_pit, uniq_terence,
          uniq_natasha
D:4:      first_ration
D:6:      nicolae_overflow_hidden_temple, kennysheep_mini_moat, serial_undead,
          serial_undead_e, serial_undead_c, serial_undead_d, serial_undead_e,
          basic_altar, minmay_lizard_king
D:7:      lemuel_crystal_altar, gammafunk_temple_overflow_elements,
          grunt_livestock, kennysheep_big_empty_room
Sewer:    kennysheep_door_sewer

Skill      XL: |  1  2  3  4  5 |
---------------+----------------+-----
Ice Magic      | 3 4 |  4.4
Spellcasting   | 3 4 |  4.3
Conjurations   | 2 |  2.6
Dodging        | |  1.5
Stealth        | |  1.5

Action                   |  1- 3 |  4- 6 || total
-------------------------+-------+-------++-------
Melee: Mace              |     6 |       ||     6
 Fire: Hunting sling     |     8 |       ||     8
       Hand crossbow     |       |    56 ||    56
 Cast: Freeze            |    39 |    27 ||    66
       Ozocubu's Armour  |       |     2 ||     2
  Use: Scroll            |     1 |     8 ||     9
 Stab: Sleeping          |     1 |       ||     1
Armor: Robe              |     7 |    44 ||    51
Dodge: Dodged            |    27 |    47 ||    74

Table legend:
 A = Non-vault XP
 B = Vault XP
 C = Vault XP percentage of total XP
 D = Non-vault monster count
 E = Vault monster count
 F = Vault count percentage of total count
                 A         B        C        D         E       F
            +---------+---------+-------+---------+---------+-------
      Total |     251 |     167 |  40.0 |      38 |      12 |  24.0
            +---------+---------+-------+---------+---------+-------
        D:1 |       9 |       0 |   0.0 |       7 |       0 |   0.0
        D:2 |      22 |       0 |   0.0 |      11 |       0 |   0.0
        D:3 |      47 |      26 |  35.6 |      11 |       6 |  35.3
        D:4 |      34 |       0 |   0.0 |       1 |       0 |   0.0
        D:6 |      54 |       0 |   0.0 |       2 |       0 |   0.0
        D:7 |      85 |       0 |   0.0 |       6 |       0 |   0.0
      Sewer |       0 |     141 | 100.0 |       0 |       6 | 100.0
            +---------+---------+-------+---------+---------+-------
